 Dungeon Crawl Stone Soup version 0.30-a0-802-gb92711bcdf (webtiles) character file.

Game seed: 5583568389617960549

55 dracfodder the Digger (level 3, 0/19 HPs)
             Began as a Gargoyle Earth Elementalist on Feb 23, 2023.
             Slain by an orc
             ... wielding a +2 war axe of distortion
              (4 damage)
             ... on level 2 of the Dungeon.
             The game lasted 00:05:54 (1040 turns).

dracfodder the Digger (Gargoyle Earth Elementalist) Turns: 1040, Time: 00:05:55

Health: 0/19       AC:  6    Str: 11    XL:     3   Next: 93%
Magic:  5/6        EV: 12    Int: 17    God:
Gold:   83         SH:  0    Dex: 10    Spells: 0/6 levels left

rFire   . . .      SeeInvis .    c - +0 dagger
rCold   . . .      Faith    .    (no shield)
rNeg    + . .      Spirit   .    a - +0 robe
rPois   ∞          Reflect  .    (no helmet)
rElec   +          Harm     .    (no cloak)
rCorr   .          Rampage  .    (no gloves)
Will    .....                    g - +0 pair of boots
Stlth   ++                       (no amulet)
HPRegen 0.23/turn                (no ring)
MPRegen 0.10/turn                (no ring)

@: no status effects
A: sickness immunity, AC +3, negative energy resistance 1, electricity
resistance, torment resistance 1, petrification resistance
a: no special abilities


You were on level 2 of the Dungeon.
You visited 1 branch of the dungeon, and saw 2 of its levels.

You collected 83 gold pieces.

Inventory:

Hand Weapons
 c - a +0 dagger (weapon)
Armour
 a - a +0 robe (worn)
 g - a +0 pair of boots (worn)
Scrolls
 i - a scroll of teleportation {unknown}
 j - a scroll of fog {unknown}
Potions
 d - 3 potions of curing {unknown}
 e - 2 potions of mutation {unknown}
 f - a potion of brilliance {unknown}
 h - a potion of heal wounds {unknown}


   Skills:
 + Level 1.8 Dodging
 + Level 2.2 Stealth
 + Level 2.3 Spellcasting
 + Level 0.7 Transmutations
 * Level 5.2 Earth Magic


You couldn't memorise any spells.
You knew the following spells:

 Your Spells              Type           Power      Damage    Failure   Level
a - Sandblast             Erth           38%        2d10      2%          1
b - Stone Arrow           Conj/Erth      20%        3d8       19%         3
c - Passwall              Tmut/Erth      10%        N/A       9%          2

Your spell library contained the following spells:

 Spells                   Type           Power      Damage    Failure   Level
 Petrify                  Tmut/Erth      12%        N/A       50%         4


Dungeon Overview and Level Annotations

Branches:
Dungeon (2/15)

Altars:


Innate Abilities, Weirdness & Mutations

You are immune to sickness and miasma.
Your stone body is resilient. (AC +3)
You are immune to poison.
You resist negative energy. (rN+)
You are resistant to electric shocks. (rElec)
You are resistant to unholy torment.
You are immune to petrification.


Message History

The blast of sand hits the orc priest but does no damage.
The orc shouts!
Aiming: Sandblast (safe; 2% risk of failure)
Press: ? - help, Q - select action, (/) - cycle Shift-Dir - straight line, f/p - orc priest
Aim: an orc priest, wielding a +2 mace of protection (82% to hit)
The blast of sand hits the orc priest!
The orc priest is almost dead.
The orc priest hits you with a +2 mace of protection.
The orc priest hits you but does no damage.
Aiming: Sandblast (safe; 2% risk of failure)
Press: ? - help, Q - select action, (/) - cycle Shift-Dir - straight line, f/p - orc priest
Aim: an orc priest, wielding a +2 mace of protection (almost dead, 82% to hit)
The blast of sand hits the orc priest but does no damage.
The orc priest is almost dead.
The orc shouts!
The orc priest invokes the aid of Beogh against you.
Pain shoots through your body!
Aiming: Sandblast (safe; 2% risk of failure)
Press: ? - help, Q - select action, (/) - cycle Shift-Dir - straight line, f/p - orc priest
Aim: an orc priest, wielding a +2 mace of protection (almost dead, 82% to hit)
The blast of sand hits the orc priest but does no damage.
The orc priest is almost dead.
The orc priest hits you with a +2 mace of protection.
Magic courses through your body. The orc priest closely misses you.
Aiming: Sandblast (safe; 2% risk of failure)
Press: ? - help, Q - select action, (/) - cycle Shift-Dir - straight line, f/p - orc priest
Aim: an orc priest, wielding a +2 mace of protection (almost dead, 82% to hit)
The blast of sand hits the orc priest but does no damage.
The orc priest is almost dead.
The orc priest hits you with a +2 mace of protection.
* * * LOW HITPOINT WARNING * * *
The orc closely misses you.
Aiming: Sandblast (safe; 2% risk of failure)
Press: ? - help, Q - select action, (/) - cycle Shift-Dir - straight line, f/p - orc priest
Aim: an orc priest, wielding a +2 mace of protection (almost dead, 82% to hit)
The blast of sand hits the orc priest but does no damage.
The orc priest is almost dead.
The orc priest misses you. The orc misses you.
The orc hits you with a +2 war axe of distortion.
You die...

#...#.## .....#
#...#..##......##
##.).##..##......##
.....#....##......##
.....#.##..##.†....##
...#####....##......##
...# #...##).##......##
...# #.###...###o.....#
...#####...###.o@o..#'#
.....#...###......### #
.....#.###......###
.....#'#......###
.....#......###
..........###
.....#..### .....####
###.........


You could see an orc priest and 2 orcs.

Vanquished Creatures
  2 adders (D:2)
  A dart slug (D:2)
  An orc (D:2)
  A ball python (D:1)
  3 bats
  4 endoplasms
  A giant cockroach (D:1)
  3 hobgoblins
  2 kobolds (D:2)
  A quokka (D:2)
  4 frilled lizards (D:2)
  5 goblins
  4 rats
32 creatures vanquished.

Notes
Turn   | Place    | Note
-------+----------+-------------------------------------------
     0 | D:1      | dracfodder the Gargoyle Earth Elementalist began the quest
                  | for the Orb.
     0 | D:1      | Reached XP level 1. HP: 10/10 MP: 3/3
    70 | D:1      | Reached skill level 4 in Earth Magic
   157 | D:1      | Reached XP level 2. HP: 15/15 MP: 3/5
   212 | D:1      | Found a faded altar of an unknown god.
   549 | D:2      | Reached XP level 3. HP: 19/19 MP: 3/6
   685 | D:2      | Reached skill level 5 in Earth Magic
   735 | D:2      | Learned a level 3 spell: Stone Arrow
   738 | D:2      | Learned a level 2 spell: Passwall
  1040 | D:2      | Slain by an orc

Illustrated notes

Levels and vault maps discovered:
D:1:      doesnt_arrival_eight_statues, layout_rooms,
          hellmonk_ecumenical_altar_crossroads
D:2:      minmay_razor_zed, layout_basic, st_stairs_5

Skill      XL: |  1  2  3 |
---------------+----------+-----
Earth Magic    | 4 5 |  5.2
Dodging        | |  1.8
Stealth        | |  2.2
Spellcasting   | |  2.3
Transmutations | |  0.7

Action                     || total
---------------------------++-------
  Melee: Unarmed           ||     1
   Cast: Sandblast         ||    53
    Use: Potion            ||     1
 Armour: Robe              ||     5
  Dodge: Dodged            ||    12

Table legend: (Time is in decaauts)
 A = Elapsed time spent in this place.
 B = Non-inter-level travel time spent in this place.
 C = Inter-level travel time spent in this place.
 D = Time resting spent in this place.
 E = Time spent auto-exploring this place.
 F = Levels seen in this place.
 G = Mean time per level.
                   A        B        C        D        E       F      G
               +--------+--------+--------+--------+--------+-----+--------+
         Total |   1065 |   1044 |     21 |    219 |    561 |   2 |  532.5 |
       Dungeon |   1065 |   1044 |     21 |    219 |    561 |   2 |  532.5 |
               +--------+--------+--------+--------+--------+-----+--------+

Top non-repeatable levels by time:
     D:2: 542 daAuts
     D:1: 523 daAuts
